AoeStats
← TKBXPT2214

Socotra

505117160Analyzed
3v3 RM · 26d ago on Sep 7, 2026· 49m 27s· 6 players
Game mode
Random Map
Map size
128×128
Population
200
Speed
Normal
Resources
Standard
Victory
Conquest
Starting age
Dark Age
Ending age
Imperial Age
RankedLock teamsTeams togetherTeam positionsShared explorationLock speedFull tech treeHidden civsTurbo modeCheats
Victory
Defeat
🇦🇷 Jurchens · Argentina
1279
+8
🇦🇷 Bulgarians · Argentina
1110
+14
🇦🇷 Huns · Argentina
1091
+15
🇨🇱 Mapuche · Chile
1126
-14
🇦🇷 Aztecs · Argentina
1066
-12
🇺🇸 Teutons · United States
1055
-11
Leonidas
8:25 Loom
11:38 Feudal Age
16:43 Double-Bit Axe
23:43 Castle Age
22:15 Stone Mining
23:18 Bloodlines
23:36 Horse Collar
37:52 Imperial Age
36:49 Scale Mail Armor
38:44 Wheelbarrow
40:43 Pikeman
46:04 Chemistry
44:41 Cavalier
zexochi
8:42 Loom
11:07 Feudal Age
11:15 Champi Runner
12:15 Double-Bit Axe
13:10 Scale Mail Armor
15:59 Arson
22:17 Castle Age
21:48 Horse Collar
27:15 Bow Saw
27:43 Wheelbarrow
29:28 Gold Mining
34:03 Gold Shaft Mining
33:31 Heavy Plow
33:55 Fletching
34:16 Forging
34:40 Bodkin Arrow
35:56 Padded Archer Armor
39:11 Imperial Age
37:16 Fervor
38:05 Hand Cart
38:00 Stone Mining
37:34 Pikeman
39:03 Leather Archer Armor
39:43 Chain Mail Armor
40:05 Iron Casting
40:46 Butalmapu
41:40 Conscription
42:22 Malon
41:56 Elite Skirmisher
44:07 Ring Archer Armor
47:18 Blast Furnace
47:40 Plate Mail Armor
TKBXPT2214
2:30 Loom
11:49 Feudal Age
13:29 Wheelbarrow
12:54 Man-at-Arms
19:26 Gold Mining
19:23 Double-Bit Axe
27:26 Castle Age
26:43 Fletching
28:13 Crossbowman
28:55 Bodkin Arrow
29:00 Padded Archer Armor
29:37 Hand Cart
33:32 Leather Archer Armor
36:18 Bow Saw
39:46 Imperial Age
38:52 Stone Mining
39:40 Gold Shaft Mining
39:32 Ballistics
38:43 Pikeman
39:24 Squires
39:47 Forging
39:38 Scale Mail Armor
40:02 Arbalester
43:40 Iron Casting
43:21 Chain Mail Armor
44:43 Bracer
46:40 Blast Furnace
46:10 Plate Mail Armor
Ezeudu | Edu
7:05 Loom
10:35 Feudal Age
11:12 Double-Bit Axe
17:35 Horse Collar
21:40 Forging
21:35 Scale Barding Armor
22:25 Scale Barding Armor
26:55 Castle Age
25:57 Bloodlines
26:42 Fletching
27:03 Padded Archer Armor
29:08 Bodkin Arrow
31:26 Wheelbarrow
32:11 Husbandry
33:16 Ballistics
34:49 Thumb Ring
35:04 Pikeman
35:45 Squires
35:30 Arson
36:14 Leather Archer Armor
36:44 Bow Saw
37:08 Scale Mail Armor
37:44 Iron Casting
37:32 Masonry
38:31 Hand Cart
41:19 Marauders
41:47 Chain Mail Armor
44:56 Imperial Age
42:14 Town Watch
44:29 Chain Barding Armor
44:00 Light Cavalry
45:13 Town Patrol
45:27 Hussar
49:23 Two-Man Saw
48:16 Halberdier
50:41 Blast Furnace
50:17 Plate Barding Armor
Natgeox
8:54 Feudal Age
8:14 Loom
9:44 Double-Bit Axe
12:34 Scale Barding Armor
16:20 Forging
16:40 Bloodlines
19:17 Wheelbarrow
18:45 Horse Collar
22:43 Castle Age
21:41 Fletching
23:39 Bodkin Arrow
24:25 Gold Mining
25:11 Bow Saw
25:48 Town Watch
27:08 Padded Archer Armor
35:47 Husbandry
39:00 Chain Barding Armor
41:15 Heavy Plow
41:59 Iron Casting
46:32 Imperial Age
45:17 Leather Archer Armor
46:36 Hand Cart
48:32 Conscription
Maurom
7:19 Loom
10:17 Feudal Age
18:53 Castle Age
16:49 Double-Bit Axe
17:53 Scale Mail Armor
20:29 Chain Mail Armor
28:38 Fletching
29:25 Horse Collar
31:43 Stone Mining
32:45 Bodkin Arrow
35:01 Heavy Plow
35:20 Gold Mining
39:59 Imperial Age
39:14 Wheelbarrow
38:51 Bow Saw
38:48 Scale Barding Armor
39:33 Chain Barding Armor
39:21 Stirrups
41:33 Plate Barding Armor
41:43 Hand Cart
44:23 Conscription
45:35 Plate Mail Armor
45:15 Forging
45:50 Squires
45:36 Gambesons
45:38 Arson
46:05 Bagains
47:14 Masonry
48:07 Capped Ram
49:53 Iron Casting
Connection lost

Rejoining the realm…

Still unreachable

The connection could not be restored.

Session expired

The server has moved on; the page needs a fresh start.